 Dungeon Crawl Stone Soup version 0.27-a0-417-g317cea8a3c (webtiles) character file.

Game seed: 10977644246911525201

68129 kniiight the Imperceptible (level 14, 0/68 HPs)
             Began as a Spriggan Enchanter on Feb 24, 2021.
             Was the Champion of Dithmenos.
             Slain by a tentacled monstrosity (5 damage)
             ... on level 1 of the Swamp on Feb 25, 2021.
             The game lasted 01:48:08 (32238 turns).

kniiight the Imperceptible (Spriggan Enchanter)    Turns: 32238, Time: 01:48:12

Health: 0/68       AC: 16    Str:  5    XL:     14   Next: 85%
Magic:  11/19      EV: 25    Int: 18    God:    Dithmenos [******]
Gold:   248        SH:  0    Dex: 18    Spells: 0/18 levels left

rFire    . . .     SeeInvis +   Y - +3 war axe (chaos)
rCold    . . .     Faith    .   (shield restricted)
rNeg     . . .     Spirit   .   L - +5 steam dragon scales
rPois    .         Reflect  .   l - +2 hood of the Assassin {Detection Stab+ Stlth++}
rElec    .         Harm     .   P - scarf {shadows}
rCorr    .         Rampage  .   (gloves unavailable)
Will     ++...                  (boots unavailable) Stlth **********
                                o - amulet of regeneration
HPRegen  1.21/turn              y - +4 ring of protection
MPRegen  0.16/turn              t - ring of flight

@: confusing touch, very slightly contaminated, wreathed by umbra, constricted,
invisible, very quick
A: very small, unfitting armour, see invisible, speed 3
a: Renounce Religion, Evoke Flight, Shadow Step, Shadow Form


You were on level 1 of the Swamp.
You worshipped Dithmenos.
Dithmenos was exalted by your worship.
You visited 5 branches of the dungeon, and saw 24 of its levels.
You also visited: Sewer.

You collected 2123 gold pieces.
You spent 1875 gold pieces at shops.

Inventory:

Hand Weapons
 e - a +5 dagger of flaming
 Y - a +3 war axe of chaos (weapon)
Missiles
 d - a curare-tipped dart
 h - 394 arrows
 n - 64 poisoned darts
 p - 107 bolts
Armour
 b - a +0 robe
 j - a +0 cloak
 l - the +2 hood of the Assassin (worn) {Detection Stab+ Stlth++}
   (You bought it in a shop on level 8 of the Dungeon)

   It makes you much more stealthy.
 L - +5 steam dragon scales (worn)
 P - a scarf of shadows (worn)
 S - a +2 cloak of willpower
Jewellery
 o - an amulet of regeneration (around neck)
 t - a ring of flight (right hand)
 y - a +4 ring of protection (left hand)
 z - a ring of willpower
 C - a ring of wizardry
 I - a ring of protection from cold
Wands
 s - a wand of mindburst (39)
 u - a wand of acid (27)
 x - a wand of charming (21)
 F - a wand of flame (22)
 J - a wand of digging (5)
 V - a wand of polymorph (9)
 W - a wand of iceblast (13)
Scrolls
 a - a scroll of magic mapping
 c - 12 scrolls of teleportation
 f - 2 scrolls of blinking
 m - 4 scrolls of amnesia
 r - 2 scrolls of torment
 G - a scroll of immolation
 N - 6 scrolls of identify
 U - a scroll of enchant weapon
 X - a scroll of enchant armour
Potions
 g - 2 potions of magic
 i - a potion of resistance
 k - 4 potions of mutation
 q - 4 potions of berserk rage
 v - 2 potions of might
 w - 3 potions of haste
 A - 2 potions of brilliance
 B - 2 potions of flight
 D - a potion of attraction {unknown}
 K - 3 potions of cancellation
 O - 6 potions of curing
 Q - a potion of ambrosia {unknown}
 Z - a potion of heal wounds
Miscellaneous
 E - a condenser vane


   Skills:
 + Level 5.3 Fighting
 - Level 10.1 Short Blades
 * Level 5.3 Axes
 + Level 11.9 Dodging
 - Level 21.7 Stealth
 - Level 2.9 Spellcasting
 + Level 1.5 Conjurations
 - Level 16.6 Hexes
 * Level 4.2 Evocations


You couldn't memorise any spells.
You knew the following spells:

 Your Spells              Type           Power        Failure   Level
a - Corona                Hex            64%          1%          1
b - Ensorcelled Hibernat  Hex/Ice        64%          1%          2
c - Dazzling Flash        Conj/Hex       70%          1%          3
d - Confusing Touch       Hex            58%          1%          3
e - Tukima's Dance        Hex            58%          1%          3
f - Invisibility          Hex            58%          2%          6

Your spell library contained the following spells:

 Spells                   Type           Power        Failure   Level
 Slow                     Hex            58%          1%          2
 Magic Dart               Conj           32%          9%          1
 Animate Skeleton         Necr           4%           17%         1
 Apportation              Tloc           4%           17%         1
 Sting                    Tmut/Pois      8%           17%         1
 Summon Small Mammal      Summ           8%           17%         1
 Blink                    Tloc           N/A          26%         2
 Call Imp                 Summ           2%           26%         2
 Passwall                 Tmut/Erth      1%           26%         2
 Poisonous Vapours        Pois/Air       4%           26%         2
 Swiftness                Air            2%           26%         2
 Conjure Flame            Conj/Fire      5%           36%         3
 Mephitic Cloud           Conj/Pois/Air  4%           38%         3
 Ignite Poison            Fire/Tmut/Pois 2%           45%         3
 Animate Dead             Necr           1%           86%         4
 Olgreb's Toxic Radiance  Pois           2%           86%         4
 Passage of Golubria      Tloc           N/A          86%         4
 Borgnjor's Vile Clutch   Necr/Erth      1%           99%         5
 Lee's Rapid Deconstruct  Erth           1%           99%         5
 Death Channel            Necr           1%           100%        6
 Simulacrum               Ice/Necr       1%           100%        6


Dungeon Overview and Level Annotations

Branches:
Dungeon (14/15)            Temple (1/1) D:6            Lair (6/6) D:8
  Swamp (1/4) Lair:2        Snake (0/4) Lair:4        Slime (0/5) Lair:6
    Orc (2/2) D:9             Elf (0/3) Orc:2         Sewer (visited)
 Vaults: D:13-14

Altars:
Ashenzari
Cheibriados
Dithmenos
Elyvilon
Fedhas
Gozag
Hepliaklqana
Kikubaaqudgha
Makhleb
Nemelex Xobeh
Okawaru
Qazlal
Ru
Sif Muna
Trog
Uskayaw
Vehumet
Wu Jian
Xom
Yredelemnul
Zin
The Shining One
Beogh
Jiyva

Shops:
D:8 [   Orc:1 :   Orc:2 [?!(

Annotations:
D:3 2 transporters, exclusions: downstairs and 1 more exclusion, ArcanElement's ghost, amateur BaAM
D:7 1 exclusion
Lair:3 2 transporters, Omoxittaw's ghost, journeyman GnWn
Lair:6 2 transporters, Ynietresch's ghost, journeyman MiBe
Swamp:1 1 transporter, exclusion: obsidian statue


Innate Abilities, Weirdness & Mutations

You are very small and have problems with some larger weapons.
You are too small for most types of armour.
You have supernaturally acute eyesight. (SInv)
You cover ground extremely quickly.


Message History

The death yak completely misses you.
The tentacled monstrosity completely misses you.
The tentacled monstrosity closely misses you.
The tentacled monstrosity tentacle-slaps you but does no damage.
The tentacled monstrosity grabs you.
The tentacled monstrosity constricts you!
The spriggan berserker prays to Trog.
The death yak goes berserk!
The fenstrider witch gestures at you while chanting.
You resist with some effort.
The obsidian statue's eyes glow briefly.
Okay, then.
Casting: Confusing Touch (safe; 1% risk of failure)
Confirm with . or Enter, or press ? or * to list all spells.
Okay, then.
The tentacled monstrosity's grasp on you weakens, but your attempt to escape fails.
The death yak closely misses you.
The tentacled monstrosity tentacle-slaps you!
The tentacled monstrosity completely misses you.
The tentacled monstrosity tentacle-slaps you but does no damage.
The tentacled monstrosity constricts you!
The fenstrider witch points at you and mumbles some strange words.
You resist with some effort.
The spriggan berserker barely misses you.
The spriggan berserker completely misses you.
The death yak gores you!
You emit a cloud of dark smoke.
Unknown command.
Blink to where?
Press: ? - help, Dir - move target The tentacled monstrosity's grasp on you weakens, but your attempt to escape fails.
As you read the scroll of blinking, it crumbles to dust.
The fenstrider witch hits you!
* * * LOW HITPOINT WARNING * * *
The fenstrider witch misses you. The death yak closely misses you.
The death yak completely misses you.
The tentacled monstrosity tentacle-slaps you!
* * * LOW HITPOINT WARNING * * *
The tentacled monstrosity tentacle-slaps you but does no damage.
The tentacled monstrosity tentacle-slaps you.
You die...

♣♣♣♣....♣♣♣♣ ♣§≈≈≈≈≈≈≈
.....©.....♣♣♣...≈≈≈≈≈
..#########..♣.≈≈≈..≈≈≈
.##8$[©|?8##.♣≈≈≈≈≈.≈≈≈
.#..$[$=$..#.>≈≈.≈..≈..
.#.........#.^≈≈.♣♣♣♣♣♣
.#...43..f.#"..≈♣♣ ♣.
.#...Y8....#...♣♣ ♣.
.#..§i@Y...#..♣♣ ♣♣.
.#..§iHX.f.#..♣ ♣..
.#..§.nn...#.♣♣ ♣♣≈≈
.##8.....8##..♣ ♣..♣
..#########..♣♣ ♣.♣♣
♣.....©.....♣♣ ♣♣♣
♣....[..≈.♣♣♣
$♣♣.♣.....♣ ♣≈≈.≈.≈≈.≈♣


You could see 2 ghouls, a tentacled monstrosity, 2 shambling mangroves, 2 death
yaks, an obsidian statue, a fenstrider witch, a soul eater (summoned), 2
spriggan berserkers and an orange demon (summoned).

Vanquished Creatures
  A storm dragon (Swamp:1)
  Donald (Swamp:1)
  An ettin (Orc:1)
  A fire dragon (Lair:6)
  2 hydras (Lair:1)
  2 centaur warriors (D:13)
  Erolcha (D:12)
  A boulder beetle (Lair:6)
  A tengu warrior (D:13)
  5 orc high priests (Orc:2)
  2 two-headed ogres
  A fire crab (Lair:6)
  A goliath frog (Swamp:1)
  2 unseen horrors
  Pikel (D:7)
  5 orc knights
  3 deep elf pyromancers
  2 cyclopes
  4 orc sorcerers
  2 ugly things
  9 elephants (Lair:6)
  6 black mambas
  A guardian serpent (D:12)
  A centaur zombie (D:13)
  A gargoyle (D:13)
  3 molten gargoyles (Lair:6)
  Maggie (Lair:2)
  2 kobold demonologists
  16 cane toads
  A rime drake (Lair:4)
  10 komodo dragons
  A polar bear (Lair:3)
  3 meliai (D:13)
  9 trolls
  20 blink frogs
  8 spriggans (Lair:1)
  32 yaks
  A wraith (D:10)
  10 wyverns
  5 steam dragons
  10 basilisks
  2 vampire mosquitoes (Swamp:1)
  A warg (Orc:2)
  A swamp worm (Swamp:1)
  6 nagas (Lair:4)
  2 acid dragons
  4 hell hounds (Lair:6)
  10 water moccasins
  41 orc warriors
  3 black bears
  An eye of draining (D:11)
  4 ice beasts
  3 sky beasts
  A hornet zombie (D:9)
  7 ogres
  5 centaurs
  10 wolves
  5 phantoms
  2 kobold brigands
  18 bullfrogs
  A wyvern skeleton (D:6)
  A scorpion (D:10)
  A water moccasin skeleton (D:8)
  19 killer bees
  5 wights
  4 howler monkeys
  5 lava snakes (Lair:6)
  3 bullfrog zombies
  2 quasits
  3 jellies
  38 orc priests
  A gnoll shaman (D:6)
  6 hounds
  Crazy Yiuf (D:2)
  2 bullfrog skeletons
  Terence (D:2)
  Jessica (D:2)
  4 iguanas
  25 orc wizards
  8 worker ants
  A hound zombie (D:9)
  4 hound skeletons
  3 worker ant zombies
  A howler monkey zombie (D:8)
  14 adders
  14 gnolls
  A river rat (D:4)
  A white imp (D:5)
  4 ufetubi
  12 oozes
  2 adder skeletons
  2 adder zombies
  3 worms
  A dart slug (D:3)
  19 leopard geckos
  99 orcs
  10 giant cockroaches
  2 goblins
  10 hobgoblins
  8 jackals
  8 quokkas
  12 ball pythons
  2 bats
  16 frilled lizards
  2 giant cockroach zombies
  A jackal skeleton (D:5)
  15 kobolds
  A leopard gecko skeleton (D:6)
  A leopard gecko zombie (D:7)
  A quokka skeleton (D:9)
  A quokka zombie (D:5)
  5 rats
722 creatures vanquished.

Vanquished Creatures (collateral kills)
  3 orc warriors
  An ogre (Orc:1)
  An orc priest (Orc:2)
  3 orc wizards
  12 orcs
20 creatures vanquished.

Vanquished Creatures (others)
  3 dancing weapons
  3 orcs
  44 fungi
  30 plants
80 creatures vanquished.

Grand Total: 822 creatures vanquished

Notes
Turn   | Place    | Note
-------+----------+-------------------------------------------
     0 | D:1      | kniiight the Spriggan Enchanter began the quest for the
                  | Orb.
     0 | D:1      | Reached XP level 1. HP: 9/9 MP: 5/5
   373 | D:1      | Reached XP level 2. HP: 9/13 MP: 6/6
   376 | D:1      | Learned a level 2 spell: Ensorcelled Hibernation
  1778 | D:2      | Noticed Terence
  1846 | D:2      | Killed Terence
  1847 | D:2      | Reached skill level 5 in Stealth
  1847 | D:2      | Reached XP level 3. HP: 16/16 MP: 2/8
  1987 | D:2      | Found a blossoming altar of Fedhas.
  2278 | D:2      | Reached XP level 4. HP: 8/21 MP: 6/9
  2611 | D:2      | Reached skill level 6 in Stealth
  2702 | D:2      | Noticed Jessica
  2710 | D:2      | Killed Jessica
  3030 | D:2      | Found a runed translucent door.
  3031 | D:2      | Noticed Crazy Yiuf
  3042 | D:2      | Killed Crazy Yiuf
  3043 | D:2      | Reached skill level 7 in Stealth
  3043 | D:2      | Reached XP level 5. HP: 8/24 MP: 7/10
  3755 | D:3      | Learned a level 3 spell: Dazzling Flash
  3759 | D:3      | Learned a level 3 spell: Confusing Touch
  4229 | D:3      | Noticed ArcanElement's ghost (amateur BaAM)
  4313 | D:3      | Reached skill level 5 in Hexes
  4394 | D:3      | Found a transporter.
  4399 | D:3      | Found a transporter.
  4621 | D:3      | Found a shimmering blue altar of Sif Muna.
  4873 | D:4      | Noticed a phantom
  5070 | D:4      | Reached XP level 6. HP: 29/29 MP: 11/11
  5082 | D:4      | Reached skill level 8 in Stealth
  5628 | D:4      | Found a glowing drain.
  5632 | Sewer    | Entered a sewer
  6911 | Sewer    | Reached XP level 7. HP: 31/32 MP: 4/12
  7002 | Sewer    | Reached skill level 1 in Fighting
  7002 | Sewer    | Reached skill level 9 in Stealth
  8238 | D:4      | Reached skill level 10 in Stealth
  8351 | D:4      | Found a sacrificial altar of Ru.
  8510 | D:5      | Entered Level 5 of the Dungeon
  8608 | D:5      | Found an opulent altar of Gozag.
  8675 | D:5      | You fall into a shaft and drop 1 floor!
  8873 | D:6      | Reached XP level 8. HP: 37/37 MP: 13/13
  8895 | D:5      | Found an iron altar of Okawaru.
  8909 | D:5      | Reached skill level 5 in Dodging
  9249 | D:5      | Reached skill level 11 in Stealth
  9428 | D:6      | Found a staircase to the Ecumenical Temple.
  9610 | Temple   | Entered the Ecumenical Temple
 10542 | D:6      | You fall into a shaft and drop 3 floors!
 10851 | D:9      | Reached skill level 12 in Stealth
 11005 | D:8      | Found a radiant altar of Vehumet.
 11005 | D:8      | Found a shadowy altar of Dithmenos.
 11017 | D:8      | Became a worshipper of Dithmenos the Shadowed
 11265 | D:9      | Reached skill level 5 in Short Blades
 11267 | D:9      | Reached XP level 9. HP: 42/42 MP: 1/14
 11386 | D:8      | Noticed a two-headed ogre
 11833 | D:7      | Reached skill level 13 in Stealth
 12029 | D:8      | Reached * piety under Dithmenos
 12785 | D:7      | Noticed Pikel
 13436 | D:7      | Killed Pikel
 13437 | D:7      | Reached skill level 14 in Stealth
 13632 | D:8      | Found Naiqew's Armour Shop.
 13731 | D:8      | Found a staircase to the Lair.
 14198 | D:8      | Noticed a two-headed ogre
 14491 | Lair:1   | Entered Level 1 of the Lair of Beasts
 14517 | Lair:1   | Reached XP level 10. HP: 47/47 MP: 15/15
 14529 | Lair:1   | Learned a level 3 spell: Tukima's Dance
 14596 | Lair:1   | Reached ** piety under Dithmenos
 14597 | Lair:1   | Reached skill level 15 in Stealth
 14621 | Lair:1   | Noticed a four-headed hydra
 14624 | Lair:1   | Killed a four-headed hydra
 14725 | Lair:1   | Reached skill level 16 in Stealth
 14775 | Lair:1   | Noticed a cane toad
 14782 | Lair:1   | Killed a cane toad
 14872 | Lair:1   | Noticed a cane toad
 14908 | Lair:1   | Noticed an eight-headed hydra
 14911 | Lair:1   | Killed an eight-headed hydra
 14912 | Lair:1   | Reached skill level 17 in Stealth
 14912 | Lair:1   | Reached skill level 10 in Hexes
 15138 | Lair:1   | Noticed a cane toad
 15145 | Lair:1   | Killed a cane toad
 15146 | Lair:1   | Reached XP level 11. HP: 51/51 MP: 16/16
 15829 | Lair:2   | Identified an ichor-stained robe
 16047 | Lair:2   | Noticed a bog body
 16272 | Lair:2   | Noticed Maggie
 16276 | Lair:2   | Killed Maggie
 16322 | Lair:2   | Found a staircase to the Swamp.
 16403 | Lair:3   | Reached skill level 18 in Stealth
 16503 | Lair:3   | Found a transporter.
 16510 | Lair:3   | Found a transporter.
 16511 | Lair:3   | Found a bloodstained altar of Trog.
 16511 | Lair:3   | Noticed Omoxittaw's ghost (journeyman GnWn)
 16520 | Lair:3   | Identified the +2 trident of Yesterday {antimagic, Will+
                  | Int+4 Dex+2}
 16520 | Lair:3   | Noticed a spriggan rider
 16909 | Lair:4   | Reached *** piety under Dithmenos
 17392 | D:8      | Bought the +2 hood of the Assassin {Detection Stab+
                  | Stlth++} for 600 gold pieces
 17392 | D:8      | Found the +2 hood of the Assassin {Detection Stab+ Stlth++}
 17638 | Lair:1   | Reached skill level 19 in Stealth
 17644 | Lair:1   | Reached XP level 12. HP: 56/56 MP: 9/17
 18475 | Lair:4   | Found a staircase to the Snake Pit.
 19332 | Lair:5   | Reached **** piety under Dithmenos
 19579 | Lair:6   | Entered Level 6 of the Lair of Beasts
 19643 | Lair:6   | Reached skill level 20 in Stealth
 19721 | Lair:6   | Noticed a boulder beetle
 19744 | Lair:6   | Killed a boulder beetle
 19884 | Lair:6   | Found a staircase to the Slime Pits.
 19884 | Lair:6   | Found a viscous altar of Jiyva.
 19924 | Lair:6   | Reached skill level 21 in Stealth
 19946 | Lair:6   | Identified the +6 trident "Concordance" {flame, rN++}
 19947 | Lair:6   | Found a transporter.
 19948 | Lair:6   | Found a bloodstained altar of Trog.
 19948 | Lair:6   | Noticed Ynietresch's ghost (journeyman MiBe)
 20206 | Lair:6   | Reached XP level 13. HP: 61/61 MP: 15/18
 20448 | Lair:6   | Found a large runed translucent door.
 20514 | Lair:6   | Found a large runed translucent door.
 20555 | Lair:6   | Reached ***** piety under Dithmenos
 21216 | Lair:6   | Found a transporter.
 21360 | Lair:6   | Noticed a fire dragon
 21709 | Lair:6   | Killed a fire dragon
 21710 | Lair:6   | Reached skill level 10 in Dodging
 22582 | D:9      | Found a roughly hewn altar of Beogh.
 22582 | D:9      | Found a staircase to the Orcish Mines.
 23044 | D:9      | Found an ornate altar of the Wu Jian Council.
 23158 | D:10     | Entered Level 10 of the Dungeon
 24186 | Orc:1    | Entered Level 1 of the Orcish Mines
 24193 | Orc:1    | Reached skill level 15 in Hexes
 24882 | Orc:1    | Noticed an ettin
 24887 | Orc:1    | HP: 2/63 [ettin (31)]
 25043 | Orc:1    | Killed an ettin
 25234 | Orc:1    | Found Sacies's Book Shop.
 25298 | Orc:2    | Entered Level 2 of the Orcish Mines
 25670 | Orc:1    | Reached ****** piety under Dithmenos
 26402 | Orc:2    | Found a staircase to the Elven Halls.
 27450 | Orc:2    | Reached XP level 14. HP: 60/67 MP: 7/19
 27817 | Orc:2    | Reached skill level 1 in Conjurations
 28019 | Orc:2    | Reached skill level 10 in Short Blades
 28280 | Orc:2    | Found Kiraed's Magic Scroll Emporium.
 28280 | Orc:2    | Found Hiqudusoo's Armour Emporium.
 28281 | Orc:2    | Found Jisiepn's Distillery.
 28281 | Orc:2    | Found Telagg's Antique Weapon Emporium.
 28419 | Orc:1    | Bought a book of Burglary for 1275 gold pieces
 28427 | Orc:1    | Learned a level 6 spell: Invisibility
 28858 | D:11     | Reached skill level 5 in Fighting
 29750 | D:12     | Reached skill level 1 in Axes
 29916 | D:12     | Reached skill level 1 in Evocations
 30290 | D:12     | Noticed Erolcha
 30295 | D:12     | Killed Erolcha
 31852 | D:12     | Upgraded the game from 0.27-a0-416-gca2cecf3c0 to
                  | 0.27-a0-417-g317cea8a3c
 31985 | Swamp:1  | Entered Level 1 of the Swamp
 32100 | Swamp:1  | Noticed Donald
 32111 | Swamp:1  | Noticed a storm dragon
 32111 | Swamp:1  | a nine-headed hydra changed into a storm dragon
 32115 | Swamp:1  | Killed Donald
 32116 | Swamp:1  | Reached skill level 5 in Axes
 32118 | Swamp:1  | Killed a storm dragon
 32167 | Swamp:1  | Found a transporter.
 32169 | Swamp:1  | Noticed a tentacled monstrosity
 32169 | Swamp:1  | Noticed a ghoul
 32172 | Swamp:1  | Noticed a fenstrider witch
 32172 | Swamp:1  | Noticed a ghoul
 32179 | Swamp:1  | Found a transporter.
 32238 | Swamp:1  | Slain by a tentacled monstrosity

Illustrated notes

Levels and vault maps discovered:
D:1:      dpeg_arrival_rhombi, layout_basic, serial_glass, glass_columns_b,
          glass_columns_a, item_on_display_a, minmay_strange_pillars,
          item_on_display_a, chequers_serial_rivers_large_b, chequers_jeans,
          minmay_misc_feat_four_crosses, columned_hall_lemuel,
          minmay_misc_feat_doors
D:2:      layout_rooms, lemuel_round_altar, uniq_jessica,
          uniq_crazy_yiuf_cottage, uniq_terence
D:3:      layout_basic, led_sif_book, gammafunk_ghost_gnarly_gnolls
D:4:      layout_layer_cave, gup_sewer_entry_bowl,
          nicolae_ru_the_path_less_chosen
D:5:      layout_rooms, lemuel_crystal_altar, basic_altar
D:6:      kennysheep_steamy, layout_loops_corners,
          minmay_temple_entry_stoned_glass
D:7:      layout_basic, grunt_ministairs_2, minmay_misc_feat_plants,
          minivault_14, uniq_pikel
D:8:      layout_loops_ring, nicolae_overflow_hidden_temple, lair_entry_dummy,
          serial_shops, nicolae_shop_competitors_out_of_business
D:9:      minmay_s_stair_smasher, layout_stronghold,
          pdpol_wu_jian_five_deadly_venoms, david_orc_5, kennysheep_diamond
D:10:     layout_irregular_city
D:11:     layout_cave_pools
D:12:     layout_gridville, nrook_guardian_serpent_ordinary, uniq_erolcha
D:13:     layout_basic
D:14:     layout_basic, lightli_vaults_fourway_checkpoint, minmay_diced_spiral,
          uniq_rupert
Temple:   eino_temple_rhombus
Lair:1:   kb_forest_paths, layout_small_grid, serial_rivers,
          chequers_serial_rivers_micro_d, chequers_serial_rivers_small_a,
          chequers_serial_rivers_large_a, chequers_serial_rivers_micro_a,
          chequers_serial_rivers_room_b, chequers_serial_rivers_marsh,
          st_stairs_12
Lair:2:   layout_misc_corridors, skrybe_swamp_entry_bodies,
          gauntlet_entry_generic, grunt_forest_small_clearings,
          grunt_megastairs_4, infiniplex_staircase_pool_2, uniq_maggie
Lair:3:   layout_gridlike, gammafunk_ghost_wrathful_warriors,
          lemuel_old_faithful
Lair:4:   layout_small_grid, minmay_snake_entry_guardpost_medium
Lair:5:   layout_small_grid, uniq_kirke
Lair:6:   cheibrodos_lair_end_hotspot, layout_long_grid, slime_altar_1,
          gammafunk_ghost_wrathful_warriors
Swamp:1:  gammafunk_sealed_arena, layout_falls_marsh, hangedman_swamp_blocks,
          swamp_pool2, uniq_roxanne, uniq_donald, uniq_jorgrun
Orc:1:    layout_diamond_mine, serial_shops,
          nicolae_shop_temple_entry_statues_fountains
Orc:2:    st_orc_pillars, layout_caves

Skill      XL: |  1  2  3  4  5  6  7  8  9 10 11 12 13 14 |
---------------+-------------------------------------------+-----
Hexes          | 4 5 6 7 9 10 11 13 15 16 | 16.6
Dodging        | 3 4 5 6 7 9 11 | 11.9
Stealth        | 5 7 8 10 12 14 17 19 21 | 21.7
Short Blades   | 2 3 4 5 6 7 8 9 10 | 10.1
Fighting       | 1 2 3 4 5 |  5.3
Conjurations   | 1 |  1.5
Axes           | 5 |  5.3
Evocations     | 4 |  4.2
Spellcasting   | |  2.9

Action                   |  1- 3 |  4- 6 |  7- 9 | 10-12 | 13-15 || total
-------------------------+-------+-------+-------+-------+-------++-------
Melee: Dagger            |    63 |   336 |   478 |   471 |   910 ||  2258
       Hand axe          |       |       |       |       |   127 ||   127
       War axe           |       |       |       |       |    85 ||    85
 Cast: Ensorcelled Hiber |    20 |    93 |   117 |    79 |    47 ||   356
       Confusing Touch   |       |     1 |    17 |    47 |   124 ||   189
       Dazzling Flash    |       |     1 |     3 |     4 |    72 ||    80
       Tukima's Dance    |       |       |       |       |    35 ||    35
       Invisibility      |       |       |       |       |     7 ||     7
 Abil: Evoke Flight      |       |       |       |       |     1 ||     1
  Use: Potion            |     1 |       |     5 |     2 |     1 ||     9
       Scroll            |       |       |    17 |     7 |     5 ||    29
 Stab: Sleeping          |    14 |    57 |    74 |    75 |    79 ||   299
       Distracted        |       |     1 |     2 |     2 |     8 ||    13
       Confused          |       |     1 |    18 |    42 |   103 ||   164
       Invisible         |       |     1 |       |     2 |   107 ||   110
Armor: Robe              |    10 |    53 |    60 |       |       ||   123
       Steam dragon scal |       |       |    15 |    45 |   105 ||   165
Dodge: Dodged            |    39 |   285 |   344 |   342 |  1163 ||  2173

Table legend: (Time is in decaauts)
 A = Elapsed time spent in this place.
 B = Non-inter-level travel time spent in this place.
 C = Inter-level travel time spent in this place.
 D = Time resting spent in this place.
 E = Time spent auto-exploring this place.
 F = Levels seen in this place.
 G = Mean time per level.
                   A        B        C        D        E       F      G
               +--------+--------+--------+--------+--------+-----+--------+
         Total |  25059 |  24092 |    967 |   4708 |  13679 |  25 | 1002.4 |
       Dungeon |  14879 |  14270 |    609 |   2694 |   8527 |  14 | 1062.8 |
        Temple |    118 |    107 |     11 |      0 |     91 |   1 |  118.0 |
          Lair |   5459 |   5227 |    232 |    620 |   3389 |   6 |  909.8 |
         Swamp |    217 |    217 |      0 |     15 |     67 |   1 |  217.0 |
  Orcish Mines |   3026 |   2912 |    114 |   1048 |   1015 |   2 | 1513.0 |
         Sewer |   1357 |   1357 |      0 |    329 |    589 |   1 | 1357.0 |
               +--------+--------+--------+--------+--------+-----+--------+

Top non-repeatable levels by time:
     D:9: 2081 daAuts
   Orc:2: 1935 daAuts
     D:1: 1812 daAuts
  Lair:6: 1566 daAuts
     D:6: 1482 daAuts
  Lair:1: 1470 daAuts
     D:3: 1448 daAuts
     D:4: 1440 daAuts
   Sewer: 1357 daAuts
  Lair:4: 1166 daAuts
   Orc:1: 1090 daAuts
     D:7: 1083 daAuts
     D:2: 955 daAuts
     D:8: 943 daAuts
    D:10: 874 daAuts
